 Dungeon Crawl Stone Soup version 0.32-a0-834-geaf45d8e21 (webtiles) character file.

Game seed: 11398710048282416065

328 zenocrate the Sneak (level 6, -3/42 HPs)
             Began as an Octopode Earth Elementalist on Mar 25, 2024.
             Slain by a gnoll bouda
             ... wielding a +0 club
              (7 damage)
             ... on level 5 of the Dungeon.
             The game lasted 00:03:29 (3828 turns).

zenocrate the Sneak (Octopode Earth Elementalist)   Turns: 3828, Time: 00:03:30

Health: -3/42      AC:  1    Str:  9    XL:     6   Next: 50%
Magic:  9/9        EV: 12    Int: 18    God:
Gold:   296        SH:  0    Dex: 12    Spells: 5/9 levels left

rFire   . .          .
                       - Unarmed
rCold   . . .        (no shield)
rNeg    . . .        (helmet restricted)
rPois   .            (no amulet)
rElec   .            (no ring)
rCorr   .            (no ring)
SInv    .            (no ring)
Will    .....        (no ring)
Stlth   ++++         (no ring)
HPRegen 0.27/turn    (no ring)
MPRegen 0.11/turn    (no ring)
                     (no ring)

%: no passive effects
@: no status effects
A: almost no armour, amphibious, 8 rings, camouflage 1, gelatinous body 1,
(nimble swimmer 1), tentacles
a: no special abilities


You were on level 5 of the Dungeon.
You visited 1 branch of the dungeon, and saw 5 of its levels.

You collected 296 gold pieces.

Inventory:

Magical Staves
 b - a staff of earth
Scrolls
 c - 2 scrolls of enchant armour {unknown}
 d - 2 scrolls of blinking {unknown}
 f - 3 scrolls of teleportation
 g - a scroll of amnesia {unknown}
 h - a scroll of fear {unknown}
 i - a scroll of immolation {unknown}
 j - 2 scrolls of poison {unknown}
 k - a scroll of fog {unknown}
 n - a scroll of enchant weapon {unknown}
Potions
 a - a potion of magic
 e - a potion of enlightenment {unknown}
 l - a potion of heal wounds {unknown}
 m - a potion of brilliance {unknown}


   Skills:
 * Level 3.3 Fighting
 + Level 3.3 Dodging
 + Level 4.7 Stealth
 * Level 2.8 Unarmed Combat
 - Level 2.0 Spellcasting
 - Level 1.2 Conjurations
 - Level 3.0 Earth Magic
 + Level 1.1 Evocations


You had 5 spell levels left.
You knew the following spells:

 Your Spells              Type           Power      Damage    Failure   Level
a - Sandblast             Erth           24%        2d8       5%          1
b - Stone Arrow           Conj/Erth      18%        3d8       22%         3

Your spell library contained the following spells:

 Spells                   Type           Power      Damage    Failure   Level
 Passwall                 Erth           12%        N/A       16%         3
 Scorch                   Fire           2%         2d5       26%         2
 Brom's Barrelling Bould  Conj/Erth      9%         2d3       58%         4
 Petrify                  Alch/Erth      7%         N/A       67%         4
 Flame Wave               Conj/Fire      4%         2d5       80%         4
 Summon Cactus Giant      Summ           0%         N/A       100%        6


Dungeon Overview and Level Annotations

Branches:
Dungeon (5/15)
 Temple: D:4-7

Altars:
Qazlal
Vehumet


Innate Abilities, Weirdness & Mutations

You cannot wear most types of armour.
You are amphibious.
You can wear up to eight rings at the same time.
Your skin changes colour to match your surroundings (Stealth+).
Your rubbery body absorbs attacks. (AC +1, EV +1)
((You are camouflaged when in or above water. (Stealth+)))
You have tentacles for arms and can constrict up to eight enemies at once.


Message History

Unknown command.
Unknown command.
The gnoll attacks as it pursues you! The gnoll barely misses you.
The gnoll attacks as it pursues you! The gnoll barely misses you.
You see here a +0 quarterstaff.
Found a coral ring.
The gnoll attacks as it pursues you! The gnoll misses you.
The gnoll attacks as it pursues you! The gnoll closely misses you.
Casting: Sandblast (safe; 5% risk of failure)
Confirm with . or Enter, or press ? or * to list all spells.
Aiming: Sandblast (safe; 5% risk of failure)
Press: ? - help, Shift-Dir - straight line, f/p - gnoll
Aim: a gnoll, wielding a +0 club (lightly wounded, 84% to hit)
Okay, then.
You tentacle-slap the gnoll. You grab the gnoll. You squeeze the gnoll.
The gnoll is severely wounded.
You constrict the gnoll. The gnoll hits you with a +0 club.
* * * LOW HITPOINT WARNING * * *
Unknown command.
Unknown command.
You tentacle-slap the gnoll but do no damage.
The gnoll is almost dead.
You constrict the gnoll.
You kill the gnoll!
Unknown command.
You barely miss the gnoll. Your grab misses the gnoll. You squeeze the gnoll.
The gnoll is heavily wounded.
The gnoll hits you with a +0 club!
* * * LOW HITPOINT WARNING * * *
Unknown command.
Unknown command.
Okay, then.
You tentacle-slap the gnoll. You grab the gnoll.
The gnoll is almost dead.
You constrict the gnoll.
You kill the gnoll!
Unknown command.
You tentacle-slap the gnoll bouda but do no damage.
You grab the gnoll bouda. You constrict the gnoll bouda.
The gnoll bouda hits you with a +0 club!
You die...

## ### .# #.. .# #####
#.##.##### ##.g.#
#......!.. #.@#)##
##......... .
#..#..###..........
..##..#..g.)†....$....
......##.g.##.........
#....##†####.........
#.#.....# ##.......>.
.=#.#...###..########
#.##.#.........#
#.........#


You could see a gnoll bouda.

Vanquished Creatures
  A hound (D:5)
  3 iguanas
  5 adders
  8 gnolls
  2 dart slugs
  3 ribbon worms
  5 orcs (D:4)
  8 ball pythons
  4 bats
  7 endoplasms
  2 giant cockroaches (D:4)
  7 goblins
  4 hobgoblins
  5 jackals (D:1)
  11 kobolds
  4 frilled lizards
  6 rats
85 creatures vanquished.

Notes
Turn   | Place    | Note
-------+----------+-------------------------------------------
     0 | D:1      | zenocrate the Octopode Earth Elementalist began the quest
                  | for the Orb.
     0 | D:1      | Reached XP level 1. HP: 11/11 MP: 3/3
   144 | D:1      | Reached skill level 3 in Stealth
   144 | D:1      | Reached XP level 2. HP: 7/18 MP: 0/5
   300 | D:1      | Found a faded altar of an unknown god.
   371 | D:1      | Reached skill level 1 in Fighting
   385 | D:1      | Reached skill level 1 in Unarmed Combat
   553 | D:1      | Reached XP level 3. HP: 19/23 MP: 6/6
   581 | D:1      | Learned a level 3 spell: Stone Arrow
  1703 | D:2      | Reached XP level 4. HP: 27/28 MP: 7/7
  2276 | D:3      | You fall into a shaft and drop 1 floor!
  2681 | D:4      | Reached skill level 4 in Stealth
  2722 | D:4      | Found a radiant altar of Vehumet.
  2727 | D:4      | Reached XP level 5. HP: 20/34 MP: 3/8
  2808 | D:4      | Found a stormy altar of Qazlal.
  3673 | D:5      | Entered Level 5 of the Dungeon
  3678 | D:5      | Reached XP level 6. HP: 27/42 MP: 9/9
  3764 | D:5      | Reached skill level 1 in Evocations
  3828 | D:5      | Slain by a gnoll bouda

Illustrated notes

Levels and vault maps discovered:
D:1:      scummos_arrival_gate, layout_loops_ring,
          shapermc_ecumenical_altar_flowoftime
D:2:      layout_loops_corners
D:3:      layout_basic, minitemple
D:4:      layout_basic, mainiacjoe_overflow_catch_the_wave
D:5:      layout_rooms

Skill      XL: |  1  2  3  4  5  6 |
---------------+-------------------+-----
Stealth        | 3 4 |  4.7
Fighting       | 1 2 3 |  3.3
Unarmed Combat | 1 2 |  2.8
Dodging        | 3 |  3.3
Evocations     | 1 |  1.1
Spellcasting   | |  2.0
Conjurations   | |  1.2
Earth Magic    | |  3.0

Action                     |  1- 3 |  4- 6 || total
---------------------------+-------+-------++-------
  Melee: Unarmed           |    81 |    40 ||   121
         Tentacles         |    21 |    18 ||    39
         Constrict         |    22 |    22 ||    44
         Punch             |     1 |       ||     1
         Staff             |       |    21 ||    21
   Cast: Sandblast         |    20 |    37 ||    57
    Use: Scroll            |       |     1 ||     1
   Stab: Sleeping          |     9 |     7 ||    16
 Armour: Skin              |    40 |    46 ||    86
  Dodge: Dodged            |    43 |    43 ||    86

Table legend: (Time is in decaauts)
 A = Elapsed time spent in this place.
 B = Non-inter-level travel time spent in this place.
 C = Inter-level travel time spent in this place.
 D = Time resting spent in this place.
 E = Time spent auto-exploring this place.
 F = Levels seen in this place.
 G = Mean time per level.
                   A        B        C        D        E       F      G
               +--------+--------+--------+--------+--------+-----+--------+
         Total |   3851 |   3808 |     43 |      0 |   3176 |   5 |  770.2 |
       Dungeon |   3851 |   3808 |     43 |      0 |   3176 |   5 |  770.2 |
               +--------+--------+--------+--------+--------+-----+--------+

Top non-repeatable levels by time:
     D:4: 1407 daAuts
     D:1: 1051 daAuts
     D:2: 916 daAuts
     D:3: 318 daAuts
     D:5: 158 daAuts
